TOP OF THE 1ST |
Reading Rainbows batting - Pitching for Rio Grande Rattlesnake : RHP Neil Snow
|
Pitching: RHP Neil Snow
|
|
Batting: RHB Tim Davis
|
0-0: Ball 1-0: Ball 2-0: Called Strike 2-1: Swinging Strike 2-2: Strikes out swinging
|
Batting: RHB Carlos Huerta
|
0-0: Foul Ball, location: 2F 0-1: Called Strike 0-2: Foul Ball, location: 2F 0-2: Strikes out swinging
|
Batting: RHB José Ortega
|
0-0: Ball 1-0: Fly out, F9 (Flyball, 89M)
|
Top of the 1st over - 0 run(s), 0 hit(s), 0 error(s), 0 left on base; Reading 0 - Rio Grande 0 |
BOTTOM OF THE 1ST |
Rio Grande Rattlesnake batting - Pitching for Reading Rainbows : RHP Matt Barlow
|
Pitching: RHP Matt Barlow
|
|
Batting: SHB Jeremy Holmes
|
0-0: Fly out, F7 (Flyball, 7S)
|
Batting: RHB Paul Martin
|
0-0: Ball 1-0: Ball 2-0: Called Strike 2-1: Fly out, F6 (Line Drive, 6M)
|
Batting: RHB Juan López
|
0-0: Ball 1-0: Ground out 6-3 (Groundball, 6)
|
Bottom of the 1st over - 0 run(s), 0 hit(s), 0 error(s), 0 left on base; Reading 0 - Rio Grande 0 |
TOP OF THE 2ND |
Reading Rainbows batting - Pitching for Rio Grande Rattlesnake : RHP Neil Snow
|
Batting: RHB Ethan Moore
|
0-0: Ball 1-0: Ball 2-0: Foul Ball, location: 2F 2-1: Called Strike 2-2: Strikes out swinging
|
Batting: RHB Joe Land
|
0-0: Ball 1-0: Ball 2-0: SINGLE (Line Drive, 78S)
|
Batting: RHB Jeff Townsley
|
0-0: Called Strike 0-1: Ball 1-1: Ball 2-1: Swinging Strike 2-2: Foul Ball, location: 2F 2-2: Foul Ball, location: 2F 2-2: Strikes out swinging
|
Batting: RHB Ron King
|
0-0: Ball Joe Land steals 2nd base 1-0: Ball 2-0: Swinging Strike 2-1: Called Strike 2-2: Ball 3-2: Strikes out looking
|
Top of the 2nd over - 0 run(s), 1 hit(s), 0 error(s), 1 left on base; Reading 0 - Rio Grande 0 |
BOTTOM OF THE 2ND |
Rio Grande Rattlesnake batting - Pitching for Reading Rainbows : RHP Matt Barlow
|
Batting: RHB Hollis Wood
|
0-0: Called Strike 0-1: Swinging Strike 0-2: Ball 1-2: Ball 2-2: Foul Ball, location: 2F 2-2: Foul Ball, location: 2F 2-2: SINGLE (Groundball, 6D)
|
Batting: RHB Miguel Hernández
|
0-0: Called Strike 0-1: Ball 1-1: SINGLE (Line Drive, 7S) Hollis Wood to second
|
Batting: RHB Joe Courtier
|
0-0: Called Strike 0-1: Foul Ball, location: 2F 0-2: Ball 1-2: Strikes out swinging
|
Batting: LHB Alberto Roberts
|
0-0: Grounds into double play, 4-6-3 (Groundball, 4)
|
Bottom of the 2nd over - 0 run(s), 2 hit(s), 0 error(s), 1 left on base; Reading 0 - Rio Grande 0 |
TOP OF THE 3RD |
Reading Rainbows batting - Pitching for Rio Grande Rattlesnake : RHP Neil Snow
|
Batting: RHB Germán Romero
|
0-0: Ball 1-0: Foul Ball, location: 2F 1-1: Called Strike 1-2: Ball 2-2: Strikes out swinging
|
Batting: SHB Dan Chandler
|
0-0: Swinging Strike 0-1: Swinging Strike 0-2: Foul Ball, location: 2F 0-2: Strikes out swinging
|
Batting: RHB Tim Davis
|
0-0: Ball 1-0: Ball 2-0: Fly out, F8 (Flyball, 8LM)
|
Top of the 3rd over - 0 run(s), 0 hit(s), 0 error(s), 0 left on base; Reading 0 - Rio Grande 0 |
BOTTOM OF THE 3RD |
Rio Grande Rattlesnake batting - Pitching for Reading Rainbows : RHP Matt Barlow
|
Batting: RHB Jeff Bane
|
0-0: Ball 1-0: Swinging Strike 1-1: Ball 2-1: DOUBLE (Line Drive, 7)
|
Batting: RHB Gilberto Silva
|
0-0: Ball 1-0: Called Strike 1-1: Ball 2-1: Called Strike Jeff Bane steals 3rd base 2-2: SINGLE (Line Drive, 8LS) Jeff Bane scores
|
Batting: SHB Jeremy Holmes
|
0-0: Ball 1-0: Ball 2-0: Ball 3-0: Swinging Strike 3-1: Base on Balls Gilberto Silva to second
|
Batting: RHB Paul Martin
|
0-0: Foul Ball, location: 2F 0-1: SINGLE (Groundball, 6D) Gilberto Silva to third Jeremy Holmes to second
|
Batting: RHB Juan López
|
0-0: Ball 1-0: Called Strike 1-1: Foul Ball, location: 2F 1-2: Strikes out looking
|
Batting: RHB Hollis Wood
|
0-0: Ball 1-0: Foul Ball, location: 2F 1-1: Ball 2-1: SINGLE (Line Drive, 8LS) Gilberto Silva scores Jeremy Holmes to third Paul Martin to second Runner from 3rd tries for Home, SAFE, no throw
|
Batting: RHB Miguel Hernández
|
0-0: Ball 1-0: Swinging Strike 1-1: Swinging Strike 1-2: Ball 2-2: SINGLE (Groundball, 25) (infield hit) Paul Martin to third Hollis Wood to second
|
Batting: RHB Joe Courtier
|
0-0: Ball 1-0: Foul Ball, location: 2F 1-1: Foul Ball, location: 2F 1-2: Foul Ball, location: 2F 1-2: Ball 2-2: SINGLE (Line Drive, 8RS) Paul Martin scores Hollis Wood to third Miguel Hernández to second
|
Batting: LHB Alberto Roberts
|
0-0: Swinging Strike 0-1: Foul Ball, location: 2F 0-2: Fly out, F3 (Line Drive, 3)
|
Batting: RHB Jeff Bane
|
0-0: Ball 1-0: Foul Ball, location: 2F 1-1: Fielders Choice at 2nd, 4-6 (Groundball, 34)
|
Bottom of the 3rd over - 4 run(s), 6 hit(s), 0 error(s), 2 left on base; Reading 0 - Rio Grande 4 |
TOP OF THE 4TH |
Reading Rainbows batting - Pitching for Rio Grande Rattlesnake : RHP Neil Snow
|
Batting: RHB Carlos Huerta
|
0-0: Foul Ball, location: 2F 0-1: Ball 1-1: Foul Ball, location: 2F 1-2: Strikes out swinging
|
Batting: RHB José Ortega
|
0-0: Fly out, F8 (Flyball, 8RM)
|
Batting: RHB Ethan Moore
|
0-0: Ball 1-0: Ground out 6-3 (Groundball, 6)
|
Top of the 4th over - 0 run(s), 0 hit(s), 0 error(s), 0 left on base; Reading 0 - Rio Grande 4 |
BOTTOM OF THE 4TH |
Rio Grande Rattlesnake batting - Pitching for Reading Rainbows : RHP Matt Barlow
|
Batting: RHB Gilberto Silva
|
0-0: Ball 1-0: Ball 2-0: SINGLE (Groundball, 34D)
|
Batting: SHB Jeremy Holmes
|
0-0: Called Strike Gilberto Silva steals 2nd base 0-1: Ball 1-1: Fly out, F7 (Flyball, 7)
|
Batting: RHB Paul Martin
|
0-0: Swinging Strike 0-1: Called Strike Gilberto Silva is caught stealing 3rd base 0-2: Foul Ball, location: 2F 0-2: Ball 1-2: Ball 2-2: Ball 3-2: Fly out, F9 (Flyball, 9D)
|
Bottom of the 4th over - 0 run(s), 1 hit(s), 0 error(s), 0 left on base; Reading 0 - Rio Grande 4 |
TOP OF THE 5TH |
Reading Rainbows batting - Pitching for Rio Grande Rattlesnake : RHP Neil Snow
|
Batting: RHB Joe Land
|
0-0: Ball 1-0: Foul Ball, location: 2F 1-1: Ground out 5-3 (Groundball, 56)
|
Batting: RHB Jeff Townsley
|
0-0: Ball 1-0: Foul Ball, location: 2F 1-1: Foul Ball, location: 2F 1-2: Foul Ball, location: 2F 1-2: Foul Ball, location: 2F 1-2: Strikes out swinging
|
Batting: RHB Ron King
|
0-0: Foul Ball, location: 2F 0-1: Ground out 5-3 (Groundball, 5S)
|
Top of the 5th over - 0 run(s), 0 hit(s), 0 error(s), 0 left on base; Reading 0 - Rio Grande 4 |
BOTTOM OF THE 5TH |
Rio Grande Rattlesnake batting - Pitching for Reading Rainbows : RHP Matt Barlow
|
Batting: RHB Juan López
|
0-0: Foul Ball, location: 2F 0-1: Ground out 6-3 (Groundball, 6)
|
Batting: RHB Hollis Wood
|
0-0: Ball 1-0: Called Strike 1-1: Swinging Strike 1-2: SINGLE (Line Drive, 6MD)
|
Batting: RHB Miguel Hernández
|
0-0: Foul Ball, location: 2F 0-1: Called Strike 0-2: Ball 1-2: Strikes out swinging
|
Batting: RHB Joe Courtier
|
0-0: Fly out, F9 (Flyball, 89M)
|
Bottom of the 5th over - 0 run(s), 1 hit(s), 0 error(s), 1 left on base; Reading 0 - Rio Grande 4 |
TOP OF THE 6TH |
Reading Rainbows batting - Pitching for Rio Grande Rattlesnake : RHP Neil Snow
|
Batting: RHB Germán Romero
|
0-0: Called Strike 0-1: Swinging Strike 0-2: Foul Ball, location: 2F 0-2: Strikes out swinging
|
Batting: SHB Dan Chandler
|
0-0: Ball 1-0: Ball 2-0: Ball 3-0: Base on Balls
|
Batting: RHB Tim Davis
|
0-0: Called Strike 0-1: Ball 1-1: Called Strike Throwing error on steal attempt, E2 Dan Chandler to third 1-2: Strikes out looking
|
Batting: RHB Carlos Huerta
|
0-0: 2-RUN HOME RUN (Flyball, 7D), Distance : 356 ft
|
Batting: RHB José Ortega
|
0-0: Called Strike 0-1: SOLO HOME RUN (Flyball, 7D), Distance : 363 ft
|
Batting: RHB Ethan Moore
|
0-0: Ball 1-0: Foul Ball, location: 2F 1-1: Ball 2-1: Fly out, F3 (Popup, 3L)
|
Top of the 6th over - 3 run(s), 2 hit(s), 1 error(s), 0 left on base; Reading 3 - Rio Grande 4 |
BOTTOM OF THE 6TH |
Rio Grande Rattlesnake batting - Pitching for Reading Rainbows : RHP Matt Barlow
|
Batting: LHB Alberto Roberts
|
0-0: Swinging Strike 0-1: Foul Ball, location: 2F 0-2: Ball 1-2: SINGLE (Groundball, 34D)
|
Batting: RHB Jeff Bane
|
0-0: Called Strike 0-1: Swinging Strike 0-2: Foul Ball, location: 2F 0-2: Fly out, F7 (Line Drive, 7S)
|
Pitching: LHP Robert Trent
|
|
Batting: RHB Gilberto Silva
|
0-0: Ball 1-0: Foul Ball, location: 2F 1-1: Ball 2-1: Ball 3-1: Base on Balls Alberto Roberts to second
|
Batting: SHB Jeremy Holmes
|
0-0: SINGLE (Line Drive, 56) Alberto Roberts to third Gilberto Silva to second Runner from 3rd tries for Home, SAFE, no throw
|
Batting: RHB Paul Martin
|
0-0: Ball Gilberto Silva steals 3rd base Jeremy Holmes to second 1-0: Foul Ball, location: 2F 1-1: Ground out 6-3 (Groundball, 6)
|
Batting: RHB Juan López
|
0-0: Ball 1-0: Ball 2-0: Ball 3-0: Base on Balls
|
Batting: RHB Hollis Wood
|
0-0: Called Strike 0-1: Fly out, F9 (Flyball, 89M)
|
Bottom of the 6th over - 1 run(s), 2 hit(s), 0 error(s), 3 left on base; Reading 3 - Rio Grande 5 |
TOP OF THE 7TH |
Reading Rainbows batting - Pitching for Rio Grande Rattlesnake : RHP Neil Snow
|
Batting: RHB Joe Land
|
0-0: Foul Ball, location: 2F 0-1: Ball 1-1: Called Strike 1-2: SINGLE (Groundball, 34S) (infield hit)
|
Batting: RHB Jeff Townsley
|
0-0: Ball Joe Land is caught stealing 2nd base 1-0: Swinging Strike 1-1: SINGLE (Line Drive, 4MD)
|
Batting: RHB Ron King
|
0-0: Ball 1-0: Ball 2-0: Ball 3-0: Called Strike 3-1: Foul Ball, location: 2F 3-2: Foul Ball, location: 2F 3-2: Strikes out swinging Jeff Townsley is caught stealing 2nd base Batter strikes out.
|
Top of the 7th over - 0 run(s), 2 hit(s), 0 error(s), 0 left on base; Reading 3 - Rio Grande 5 |
BOTTOM OF THE 7TH |
Rio Grande Rattlesnake batting - Pitching for Reading Rainbows : LHP Robert Trent
|
Batting: RHB Miguel Hernández
|
0-0: Ball 1-0: SINGLE (Flyball, 9S)
|
Batting: RHB Joe Courtier
|
0-0: Sac Bunt - play at first, batter OUT! 3-4 Miguel Hernández to second
|
Batting: LHB Alberto Roberts
|
0-0: Ball 1-0: Ball 2-0: SINGLE (Groundball, 5D) Miguel Hernández to third Runner from 3rd tries for Home, SAFE, no throw
|
Batting: RHB Jeff Bane
|
0-0: Foul Ball, location: 2F 0-1: Grounds into double play, 5-4-3 (Groundball, 56)
|
Bottom of the 7th over - 1 run(s), 2 hit(s), 0 error(s), 0 left on base; Reading 3 - Rio Grande 6 |
TOP OF THE 8TH |
Reading Rainbows batting - Pitching for Rio Grande Rattlesnake : RHP Neil Snow
|
Pitching: RHP Brendan Green
|
|
Batting: RHB Germán Romero
|
0-0: Ball 1-0: DOUBLE (Flyball, 89XD)
|
Batting: SHB Dan Chandler
|
0-0: SINGLE (Groundball, 3) (infield hit) Germán Romero to third
|
Batting: RHB Tim Davis
|
0-0: Called Strike 0-1: Ball 1-1: Fly out, F8 (Line Drive, 8RM) Runner from 3rd tags up, SCORES, throw made
|
Batting: RHB Carlos Huerta
|
0-0: Called Strike 0-1: Called Strike 0-2: Ball 1-2: Foul Ball, location: 2F 1-2: Foul Ball, location: 2F 1-2: Ball 2-2: Ball 3-2: Strikes out swinging
|
Batting: RHB José Ortega
|
0-0: Ball 1-0: Ground out 5-3 (Groundball, 56S)
|
Top of the 8th over - 1 run(s), 2 hit(s), 0 error(s), 1 left on base; Reading 4 - Rio Grande 6 |
BOTTOM OF THE 8TH |
Rio Grande Rattlesnake batting - Pitching for Reading Rainbows : LHP Robert Trent
|
Batting: RHB Gilberto Silva
|
0-0: Called Strike 0-1: Called Strike 0-2: Ground out 6-3 (Groundball, 6MD)
|
Batting: SHB Jeremy Holmes
|
0-0: Called Strike 0-1: Ball 1-1: Foul Ball, location: 2F 1-2: SINGLE (Line Drive, 5L)
|
Batting: RHB Paul Martin
|
0-0: Ball 1-0: Swinging Strike 1-1: Ball 2-1: Called Strike 2-2: Ball 3-2: Foul Ball, location: 2F 3-2: Foul Ball, location: 2F 3-2: Foul Ball, location: 2F 3-2: Foul Ball, location: 2F 3-2: Foul Ball, location: 2F 3-2: Ground out 5-3 (Groundball, 56S) Jeremy Holmes to second
|
Batting: RHB Juan López
|
0-0: Ball 1-0: Ball 2-0: Ball 3-0: Base on Balls
|
Pitching: RHP Lane Lund
|
|
Batting: RHB Hollis Wood
|
0-0: Ball Wild Pitch! Jeremy Holmes to third Juan López to second 1-0: Ball 2-0: Called Strike 2-1: Foul Ball, location: 2F 2-2: Ball 3-2: Hit by Pitch
|
Pinch Hitting: LHB Claudio Rodríguez
|
0-0: Ball 1-0: Called Strike 1-1: Foul Ball, location: 2F 1-2: Foul Ball, location: 2F 1-2: Ball 2-2: Fielders Choice at 2nd, 4-6 (Groundball, 4)
|
Bottom of the 8th over - 0 run(s), 1 hit(s), 0 error(s), 2 left on base; Reading 4 - Rio Grande 6 |
TOP OF THE 9TH |
Reading Rainbows batting - Pitching for Rio Grande Rattlesnake : RHP Brendan Green
|
Pitching: RHP Juan Gutiérrez
|
|
Now at 2B: Doug Delaney
|
|
Batting: RHB Ethan Moore
|
0-0: Called Strike 0-1: Ball 1-1: Called Strike 1-2: Foul Ball, location: 2F 1-2: Strikes out swinging
|
Batting: RHB Joe Land
|
0-0: Ball 1-0: Called Strike 1-1: Ground out 6-3 (Groundball, 6D)
|
Batting: RHB Jeff Townsley
|
0-0: Ball 1-0: Foul Ball, location: 2F 1-1: Called Strike 1-2: Ball 2-2: Strikes out swinging
|
Top of the 9th over - 0 run(s), 0 hit(s), 0 error(s), 0 left on base; Reading 4 - Rio Grande 6 |
|